 Dungeon Crawl Stone Soup version 0.24.0-13-gcf9b319 (webtiles) character file.

Game seed: 3849259131302481850, levelgen mode: deterministic

17 warborn304 the Cudgeler (level 2, -1/24 HPs)
             Began as a Human Chaos Knight on Dec 17, 2019.
             Was a Plaything of Xom.
             Slain by a deep troll (glowing shapeshifter) (22 damage)
             ... on level 1 of the Dungeon.
             The game lasted 00:01:43 (523 turns).

warborn304 the Cudgeler (Human Chaos Knight)         Turns: 523, Time: 00:01:44

Health: -1/24      AC:  4    Str: 12    XL:     2   Next: 80%
Magic:  2/2        EV: 11    Int: 14    God:    Xom [..*...]
Gold:   49         SH:  0    Dex: 12    Spells: 1/1 levels left

rFire    . . .     SeeInvis .   a - +0 mace (chaos)
rCold    . . .     Gourm    .   (no shield)
rNeg     . . .     Faith    .   e - +0 leather armour
rPois    +         Spirit   .   (no helmet)
rElec    .         Reflect  .   d - +0 cloak
rCorr    .         Harm     .   (no gloves)
MR       .....                  (no boots)
Stlth    +.........             (no amulet)
HPRegen  0.08/turn              (no ring)
MPRegen  0.08/turn              (no ring)

@: no status effects
A: hooves 1, clever 1, poison resistance
a: Renounce Religion


You were on level 1 of the Dungeon.
You worshipped Xom.
You were a toy of Xom.
You were not hungry.

You visited 1 branch of the dungeon, and saw 1 of its levels.

You collected 49 gold pieces.

Inventory:

Hand Weapons
 a - a +0 mace of chaos (weapon)
Armour
 b - a +2 leather armour
 d - a +0 cloak (worn)
 e - a +0 leather armour (worn)
Scrolls
 f - a scroll of magic mapping {unknown}
Potions
 g - a potion of might
 h - a potion of curing {unknown}
 i - a potion of flight {unknown}
 j - a potion of ambrosia {unknown}
Comestibles
 c - 2 rations


   Skills:
 + Level 3.3 Fighting
 + Level 3.4 Maces & Flails
 + Level 2.2 Armour
 + Level 1.0 Dodging


You had one spell level left.
You didn't know any spells.
Your spell library was empty.

Dungeon Overview and Level Annotations

Branches:
Dungeon (1/15)

Altars:


Innate Abilities, Weirdness & Mutations

You have large cloven feet.
Your mind is acute. (Int +2)
Your system is resistant to poisons. (rPois)


Message History

The frilled lizard closely misses you.
You closely miss the frilled lizard. Your kick misses the frilled lizard.
The frilled lizard bites you.
You closely miss the frilled lizard.
The frilled lizard bites you but does no damage.
You barely miss the frilled lizard. The frilled lizard barely misses you.
The frilled lizard bites you.
You completely miss the frilled lizard. Your kick misses the frilled lizard.
The frilled lizard barely misses you.
You hit the frilled lizard.
The frilled lizard changes into a glowing shapeshifter!
Xom roars with laughter!
Your kick misses the glowing shapeshifter.
The glowing shapeshifter changes into a deep troll!
You hit the deep troll. You burn the deep troll.
The deep troll is lightly wounded.
The deep troll bites you!!
Ouch! That really hurt!
You die...
Xom snickers!

#.....#####.........(.#.
#.......# #...........##
#...##....#
#......††..... #...
#....# #..........###
#.. #....###..........#
#. #....'.+..........#
#....###..........#
##...###..........##
#..@..............#
.......T.......###....#
............... #....#
.......>####### #....#
......... #....#
##....... #....##
#....... #......
......... #....##
#######


You could see a deep troll shaped shifter.

Vanquished Creatures
  2 bats (D:1)
  A giant cockroach (D:1)
  A goblin (D:1)
  3 hobgoblins (D:1)
  2 jackals (D:1)
  2 frilled lizards (D:1)
  2 kobolds (D:1)
  3 rats (D:1)
16 creatures vanquished.

Notes
Turn   | Place    | Note
-------+----------+-------------------------------------------
     0 | D:1      | warborn304 the Human Chaos Knight began the quest for the
                  | Orb.
     0 | D:1      | Reached XP level 1. HP: 18/18 MP: 1/1
    10 | D:1      | XOM: divination: detect creatures
   158 | D:1      | Reached XP level 2. HP: 24/24 MP: 2/2
   308 | D:1      | XOM: harmless Ice miscast
   439 | D:1      | XOM: give mutations
   439 | D:1      | Gained mutation: You have large cloven feet. [Xom's grace]
   439 | D:1      | Gained mutation: Your mind is acute. (Int +2) [Xom's grace]
   439 | D:1      | Gained mutation: Your system is resistant to poisons.
                  | (rPois) [Xom's grace]
   522 | D:1      | Noticed a glowing shapeshifter
   522 | D:1      | a frilled lizard changed into a glowing shapeshifter
   522 | D:1      | Noticed a deep troll
   522 | D:1      | a glowing shapeshifter changed into a deep troll
   523 | D:1      | Slain by a deep troll (glowing shapeshifter)

Levels and vault maps discovered:
D:1:      dpeg_arrival_central, layout_basic

Action                   || total
-------------------------++-------
Melee: Mace              ||    53
       Kick              ||     1
  Use: Scroll            ||     1
       Potion            ||     1
Armor: Leather armour    ||    30
Dodge: Dodged            ||    28
